 Dungeon Crawl Stone Soup version 0.23-a0-641-g0a7f1ce553 (webtiles) character file.

5428 Adamkad1 the Ducker (level 10, -17/79 HPs)
             Began as a Gnoll Wanderer on Dec 30, 2018.
             Was a Follower of Trog.
             Demolished by Snorg (23 damage)
             ... while paralysed
             ... on level 9 of the Dungeon.
             The game lasted 00:24:48 (11244 turns).

Adamkad1 the Ducker (Gnoll Wanderer)               Turns: 11244, Time: 00:24:49

Health: -17/79     AC: 14    Str: 18    XL:     10   Next: 67%
Magic:  18/18      EV:  2    Int: 14    God:    Trog [*.....]
Gold:   200        SH:  0    Dex: 15    Spells: 19/19 levels left

rFire    . . .     SeeInvis .   q - +0 flail (holy)
rCold    . . .     Gourm    .   (no shield)
rNeg     . . .     Faith    .   d - +1 ring mail
rPois    .         Spirit   .   t - +0 helmet
rElec    .         Reflect  .   g - +0 cloak
rCorr    .         Harm     .   v - +2 pair of gloves
MR       .....                  u - +0 pair of boots
Stlth    +++.......             (no amulet)
HPRegen  0.23/turn              (no ring)
MPRegen  0.16/turn              (no ring)

@: paralysed, berserk cooldown, slowed
A: distributed training, fangs 1, strong nose
a: Berserk, Renounce Religion


You were on level 9 of the Dungeon.
You worshipped Trog.
Trog was aware of your devotion.
You were very hungry.

You visited 2 branches of the dungeon, and saw 11 of its levels.

You collected 387 gold pieces.
You donated 187 gold pieces to Zin.

Inventory:

Hand Weapons
 a - a +2 hand crossbow
 e - a +0 dagger
 q - a +0 flail of holy wrath (weapon)
 r - a +0 mace
 y - the +6 arbalest "Damnation" {damnation}
   (You found it on level 8 of the Dungeon)
 C - a +0 dire flail
Missiles
 b - 38 bolts
Armour
 d - a +1 ring mail (worn)
 g - a +0 cloak (worn)
 t - a +0 helmet (worn)
 u - a +0 pair of boots (worn)
 v - a +2 pair of gloves (worn)
 D - a +0 plate armour
Jewellery
 A - an uncursed ring of see invisible {unknown}
Wands
 i - a wand of enslavement (4)
 x - a wand of iceblast (6)
Scrolls
 c - 6 scrolls of teleportation
 j - 7 scrolls of identify
 k - 5 scrolls of enchant weapon
 m - a scroll of fog {unknown}
 o - 7 scrolls of remove curse
 s - 3 scrolls of amnesia
 w - a scroll of enchant armour
Potions
 h - 2 potions of lignification {unknown}
 l - 2 potions of resistance {unknown}
 n - 3 potions of might
 p - a potion of cancellation {unknown}
 B - 2 potions of flight {unknown}
Comestibles
 f - 18 rations


   Skills:
 + Level 7.2 Fighting
 + Level 5.4 Short Blades
 + Level 5.4 Long Blades
 + Level 5.4 Axes
 + Level 5.4 Maces & Flails
 + Level 5.4 Polearms
 + Level 5.4 Staves
 + Level 5.4 Slings
 + Level 5.4 Bows
 + Level 7.2 Crossbows
 + Level 5.4 Throwing
 + Level 6.0 Armour
 + Level 7.2 Dodging
 + Level 6.9 Stealth
 + Level 6.0 Shields
 + Level 5.4 Unarmed Combat
 + Level 5.4 Spellcasting
 + Level 4.4 Conjurations
 + Level 4.4 Hexes
 + Level 4.4 Charms
 + Level 4.4 Summonings
 + Level 4.4 Necromancy
 + Level 4.4 Translocations
 + Level 4.4 Transmutations
 + Level 4.4 Fire Magic
 + Level 4.4 Ice Magic
 + Level 4.4 Air Magic
 + Level 4.4 Earth Magic
 + Level 4.4 Poison Magic
   Level 5.9 Invocations
 + Level 5.4 Evocations


You had 19 spell levels left.
You didn't know any spells.
Your spell library was empty.

Dungeon Overview and Level Annotations

Branches:
Dungeon (10/15)            Temple (1/1) D:5
   Lair: D:8-11         Orc: D:9-12

Altars:
Ashenzari
Cheibriados
Dithmenos
Elyvilon
Fedhas
Gozag
Hepliaklqana
Kikubaaqudgha
Makhleb
Nemelex Xobeh
Okawaru
Qazlal
Ru
Sif Muna
Trog
Uskayaw
Vehumet
Wu Jian
Xom
Yredelemnul
Zin
The Shining One

Shops:
D:4 (   D:9 [

Annotations:
D:9 Snorg


Innate Abilities, Weirdness & Mutations

Your experience applies equally to all skills.
You have very sharp teeth.
Your uncanny sense of smell can sniff out nearby items.


Message History

You barely miss Snorg. Your bite misses Snorg.
Snorg is heavily wounded.
Snorg bites you but does no damage. Snorg claws you!! Snorg claws you!
* * * LOW HITPOINT WARNING * * *
You closely miss Snorg. Your bite misses Snorg.
Snorg is heavily wounded.
Snorg bites you!
* * * LOW HITPOINT WARNING * * *
Snorg claws you but does no damage. Snorg closely misses you.
You hit Snorg. You bite Snorg.
Snorg is heavily wounded.
Snorg bites you!
* * * LOW HITPOINT WARNING * * *
Snorg barely misses you. x2
You feel a strong urge to attack something.
You feel your anger nearly subside.
You are no longer berserk.
You pass out from exhaustion.
You feel yourself slow down. Snorg bites you!!
You die...

###.###..##..).##.....#......#
...............#.............#
.....................∩.......#
###..###.##..................#
##.###.##..................# #
#.....##.............###### #
#.##..##.............### #
#..##..................# ##
##.##..##....@T...>..#.# .#
#.###.##............#.# .#
#.###.#.............#.# .#
#..##...#...........#.##### .#
##.#....#?.#.......#.>....#
.### #.#.#..................).#
...###.#.#..........####[.....#
.....#.#.#..........# #.)....#
#..#.....######.#.### #......#


You could see Snorg (berserk).

Vanquished Creatures
  Prince Ribbit (D:9)
  4 hogs
  2 yaks
  A human (D:8)
  Edmund (D:4)
  A water moccasin (D:7)
  2 orc warriors (D:9)
  A phantom (D:9)
  An ice beast (D:9)
  A black bear (D:7)
  10 ogres
  3 centaurs
  2 elf zombies (D:7)
  2 big kobolds
  5 bullfrogs
  2 elf skeletons (D:7)
  4 scorpions
  9 wights
  2 crimson imps
  A human zombie (D:7)
  2 quasits
  5 orc priests
  A centaur skeleton (D:5)
  2 jellies
  3 bullfrog skeletons
  2 hounds
  5 orc wizards
  Jessica (D:2)
  2 iguanas (D:6)
  4 worker ants
  A hound skeleton (D:9)
  A worker ant zombie (D:5)
  4 gnolls
  13 adders
  A howler monkey skeleton (D:7)
  2 shadow imps (D:9)
  5 oozes
  2 adder zombies
  3 adder skeletons
  4 worms
  A dart slug (D:2)
  7 leopard geckos
  27 orcs
  2 giant cockroaches
  3 goblins
  8 hobgoblins
  13 jackals
  17 kobolds
  4 quokkas
  A ball python (D:6)
  5 bats
  A frilled lizard (D:1)
  An orc skeleton (D:7)
  A quokka skeleton (D:6)
  7 rats
216 creatures vanquished.

Vanquished Creatures (others)
  A hound (D:7)
  An orc (D:7)
2 creatures vanquished.

Grand Total: 218 creatures vanquished

Notes
Turn   | Place    | Note
-------+----------+-------------------------------------------
     0 | D:1      | Adamkad1 the Gnoll Wanderer began the quest for the Orb.
     0 | D:1      | Adamkad1 set off with the following items: a +2 hand
                  | crossbow, 29 bolts, a scroll of teleportation, a +0 ring
                  | mail, a +0 dagger, a ration
     0 | D:1      | Reached XP level 1. HP: 20/20 MP: 1/1
    77 | D:1      | Reached XP level 2. HP: 26/26 MP: 2/2
   338 | D:1      | Reached XP level 3. HP: 31/31 MP: 3/3
   601 | D:2      | Found a hide-covered altar of Uskayaw.
   712 | D:2      | Reached skill level 1 in Invocations
   768 | D:2      | Reached skill level 1 in Short Blades
   768 | D:2      | Reached skill level 1 in Long Blades
   768 | D:2      | Reached skill level 1 in Axes
   768 | D:2      | Reached skill level 1 in Maces & Flails
   768 | D:2      | Reached skill level 1 in Polearms
   768 | D:2      | Reached skill level 1 in Staves
   768 | D:2      | Reached skill level 1 in Slings
   768 | D:2      | Reached skill level 1 in Bows
   768 | D:2      | Reached skill level 1 in Throwing
   768 | D:2      | Reached skill level 1 in Unarmed Combat
   768 | D:2      | Reached skill level 1 in Spellcasting
   768 | D:2      | Reached skill level 1 in Evocations
   818 | D:2      | Reached XP level 4. HP: 38/38 MP: 5/5
   939 | D:2      | Noticed Jessica
   941 | D:2      | Killed Jessica
  1253 | D:2      | Reached skill level 1 in Conjurations
  1253 | D:2      | Reached skill level 1 in Hexes
  1253 | D:2      | Reached skill level 1 in Charms
  1253 | D:2      | Reached skill level 1 in Summonings
  1253 | D:2      | Reached skill level 1 in Necromancy
  1253 | D:2      | Reached skill level 1 in Translocations
  1253 | D:2      | Reached skill level 1 in Transmutations
  1253 | D:2      | Reached skill level 1 in Fire Magic
  1253 | D:2      | Reached skill level 1 in Ice Magic
  1253 | D:2      | Reached skill level 1 in Air Magic
  1253 | D:2      | Reached skill level 1 in Earth Magic
  1253 | D:2      | Reached skill level 1 in Poison Magic
  1443 | D:3      | Reached XP level 5. HP: 41/43 MP: 6/6
  1876 | D:4      | Noticed an ogre
  1882 | D:4      | Killed an ogre
  1882 | D:4      | Reached XP level 6. HP: 50/50 MP: 8/8
  1939 | D:4      | Reached skill level 5 in Fighting
  1939 | D:4      | Reached skill level 5 in Crossbows
  1939 | D:4      | Reached skill level 5 in Dodging
  2138 | D:4      | Noticed Edmund
  2148 | D:4      | Reached XP level 7. HP: 48/56 MP: 10/10
  2506 | D:4      | Found Uwnewkusm's Weapon Shoppe.
  2682 | D:4      | Killed Edmund
  3176 | D:4      | HP: 2/56 [poisoned by a scorpion]
  3178 | D:4      | Reached skill level 5 in Stealth
  3851 | D:5      | Entered Level 5 of the Dungeon
  3865 | D:5      | Reached XP level 8. HP: 63/63 MP: 12/12
  4718 | D:5      | Found a staircase to the Ecumenical Temple.
  4726 | Temple   | Entered the Ecumenical Temple
  4759 | Temple   | Became a worshipper of Zin the Law-Giver
  4759 | Temple   | Reached * piety under Zin
  5360 | D:6      | Found a basalt altar of Yredelemnul.
  6513 | D:7      | Found a sparkling altar of Nemelex Xobeh.
  6637 | D:6      | Reached XP level 9. HP: 66/69 MP: 14/14
  6772 | D:7      | Found a hazy altar of Hepliaklqana.
  6788 | D:7      | Reached ** piety under Zin
  7193 | D:7      | Reached skill level 5 in Armour
  7193 | D:7      | Reached skill level 5 in Shields
  8354 | D:8      | Found a shadowy altar of Dithmenos.
  8468 | D:8      | Reached skill level 5 in Invocations
  8879 | D:8      | Reached *** piety under Zin
  8880 | D:8      | Donated 152 gold pieces to Zin
  9391 | D:8      | Reached XP level 10. HP: 77/77 MP: 17/17
  9404 | D:8      | Found the +6 arbalest "Damnation" {damnation}
  9941 | D:7      | Reached skill level 5 in Short Blades
  9941 | D:7      | Reached skill level 5 in Long Blades
  9941 | D:7      | Reached skill level 5 in Axes
  9941 | D:7      | Reached skill level 5 in Maces & Flails
  9941 | D:7      | Reached skill level 5 in Polearms
  9941 | D:7      | Reached skill level 5 in Staves
  9941 | D:7      | Reached skill level 5 in Slings
  9941 | D:7      | Reached skill level 5 in Bows
  9941 | D:7      | Reached skill level 5 in Throwing
  9941 | D:7      | Reached skill level 5 in Unarmed Combat
  9941 | D:7      | Reached skill level 5 in Spellcasting
  9941 | D:7      | Reached skill level 5 in Evocations
 10128 | Temple   | Fell from the grace of Zin
 10128 | Temple   | Became a worshipper of Trog the Wrathful
 10372 | D:9      | Noticed Prince Ribbit
 10380 | D:9      | Killed Prince Ribbit
 10404 | D:9      | Found Xistroath's Armour Shoppe.
 10514 | D:8      | Reached * piety under Trog
 10968 | D:10     | Entered Level 10 of the Dungeon
 11210 | D:10     | Noticed Snorg
 11244 | D:9      | Demolished by Snorg

Vault maps used:
D:1:      lemuel_arrival_behind_the_door_small
D:2:      lemuel_crystal_altar, uniq_jessica
D:4:      serial_shops, shop_statue, first_ration, serial_rivers,
          chequers_serial_rivers_marsh, chequers_serial_rivers_micro_d,
          chequers_serial_rivers_room_a, chequers_serial_rivers_marsh,
          chequers_serial_rivers_small_b, chequers_serial_rivers_small_a,
          palyth_stone_intersect, uniq_edmund
D:5:      minmay_temple_entry_statues_fountains
D:6:      yredelemnul_altar_generic
D:7:      basic_altar, nicolae_ossuary_entry_catacombs,
          nemelex_xobeh_ov_fountains_minmay
D:8:      enter_bailey_6, grunt_livestock, lemuel_altar_in_water
D:9:      lemuel_flame_loot_2, serial_shops, shop, uniq_prince_ribbit1
D:10:     orc_0_dummy, serial_shops, kennysheep_mini_moat, uniq_josephine,
          uniq_nergalle, uniq_snorg
Temple:   regret_index_temple_sigil_plot

Skill      XL: |  1  2  3  4  5  6  7  8  9 10 |
---------------+-------------------------------+-----
Invocations    | 1 2 3 4 5 |  5.9
Short Blades   | 1 2 3 4 5 |  5.4
Long Blades    | 1 2 3 4 5 |  5.4
Axes           | 1 2 3 4 5 |  5.4
Maces & Flails | 1 2 3 4 5 |  5.4
Polearms       | 1 2 3 4 5 |  5.4
Staves         | 1 2 3 4 5 |  5.4
Slings         | 1 2 3 4 5 |  5.4
Bows           | 1 2 3 4 5 |  5.4
Throwing       | 1 2 3 4 5 |  5.4
Unarmed Combat | 1 2 3 4 5 |  5.4
Spellcasting   | 1 2 3 4 5 |  5.4
Evocations     | 1 2 3 4 5 |  5.4
Conjurations   | 1 2 3 4 |  4.4
Hexes          | 1 2 3 4 |  4.4
Charms         | 1 2 3 4 |  4.4
Summonings     | 1 2 3 4 |  4.4
Necromancy     | 1 2 3 4 |  4.4
Translocations | 1 2 3 4 |  4.4
Transmutations | 1 2 3 4 |  4.4
Fire Magic     | 1 2 3 4 |  4.4
Ice Magic      | 1 2 3 4 |  4.4
Air Magic      | 1 2 3 4 |  4.4
Earth Magic    | 1 2 3 4 |  4.4
Poison Magic   | 1 2 3 4 |  4.4
Armour         | 3 4 5 6 |  6.0
Shields        | 3 4 5 6 |  6.0
Fighting       | 5 6 7 |  7.2
Crossbows      | 5 6 7 |  7.2
Dodging        | 5 6 7 |  7.2
Stealth        | 5 6 |  6.9

Action                   |  1- 3 |  4- 6 |  7- 9 | 10-12 || total
-------------------------+-------+-------+-------+-------++-------
Melee: Flail             |       |       |   533 |    82 ||   615
       Mace              |       |       |    35 |       ||    35
       Bite              |       |       |    79 |    16 ||    95
       Punch             |       |       |    11 |     4 ||    15
       Dire flail        |       |       |       |    16 ||    16
 Fire: Hand crossbow     |    37 |   106 |    12 |       ||   155
       Arbalest          |       |       |       |    23 ||    23
Invok: Vitalisation      |       |       |     1 |       ||     1
       Donate Gold       |       |       |     1 |       ||     1
       Recite            |       |       |       |     1 ||     1
       Berserk           |       |       |       |     1 ||     1
  Use: Potion            |       |       |     5 |       ||     5
       Scroll            |       |       |     8 |       ||     8
 Stab: Sleeping          |       |       |     7 |     2 ||     9
       Distracted        |       |       |     1 |       ||     1
  Eat: Chunk             |       |     4 |    13 |     6 ||    23
       Ration            |       |       |     3 |       ||     3
Armor: Ring mail         |       |    13 |   215 |    35 ||   263
Dodge: Dodged            |     3 |    30 |   432 |    85 ||   550

Table legend:
 A = Non-vault XP
 B = Vault XP
 C = Vault XP percentage of total XP
 D = Non-vault monster count
 E = Vault monster count
 F = Vault count percentage of total count
                 A         B        C        D         E       F
            +---------+---------+-------+---------+---------+-------
      Total |    5914 |    1841 |  23.7 |     203 |      14 |   6.5
            +---------+---------+-------+---------+---------+-------
        D:1 |      42 |       0 |   0.0 |      12 |       0 |   0.0
        D:2 |      58 |      37 |  38.9 |      13 |       1 |   7.1
        D:3 |     183 |       0 |   0.0 |      37 |       0 |   0.0
        D:4 |     782 |     178 |  18.5 |      17 |       1 |   5.6
        D:5 |     389 |       0 |   0.0 |      17 |       0 |   0.0
        D:6 |     840 |       0 |   0.0 |      28 |       0 |   0.0
        D:7 |    1113 |     971 |  46.6 |      19 |       9 |  32.1
        D:8 |     784 |     391 |  33.3 |      27 |       2 |   6.9
        D:9 |    1521 |     264 |  14.8 |      32 |       1 |   3.0
       D:10 |     202 |       0 |   0.0 |       1 |       0 |   0.0
            +---------+---------+-------+---------+---------+-------
